 Dungeon Crawl Stone Soup version 0.19-a0-712-g899c6ed (webtiles) character file.

32 TheGoonsmith the Conjurer (level 3, 0/26 HPs)
             Began as a Draconian Conjurer on June 20, 2016.
             Slain by Crazy Yiuf
             ... wielding a +4 quarterstaff of chaos
              (2 damage)
             ... on level 2 of the Dungeon.
             The game lasted 00:01:10 (1095 turns).

TheGoonsmith the Conjurer (Draconian Conjurer)      Turns: 1095, Time: 00:01:11

Health: 0/26       AC:  5    Str: 10    XL:     3   Next: 8%
Magic:  0/6        EV: 12    Int: 16    God:
Gold:   72         SH:  0    Dex: 11    Spells: 2 memorised, 4 levels left

rFire  . . .     SeeInvis .     (no weapon)
rCold  . . .     Gourm    .     (armour unavailable)
rNeg   . . .     Faith    .     (no shield)
rPois  .         Spirit   .     (helmet restricted)
rElec  .         Dismiss  .     (no cloak)
rCorr  .         Reflect  .     (no gloves)
SustAt .         Harm     .     (no boots)
MR     .....                    (no amulet)
Stlth  ++........               (no ring)
                                (no ring)

@: lethally poisoned (0 -> -2), very slightly contaminated, slowed, very slow,
not resistant to hostile enchantments, unstealthy
A: unfitting armour, cold-blooded, AC +5
a: no special abilities


You were on level 2 of the Dungeon.
You were not hungry.

You visited 1 branch of the dungeon, and saw 2 of its levels.

You collected 72 gold pieces.

Inventory:

Scrolls
 c - a scroll of enchant armour {unknown}
 h - a scroll of identify {unknown}
 j - a scroll of teleportation {unknown}
 k - a scroll of noise {unknown}
Potions
 d - 2 potions of lignification {unknown}
 e - a potion of cancellation {unknown}
 f - 2 potions of flight {unknown}
 g - 2 potions of magic {unknown}
 l - a potion of mutation {unknown}
Books
 a - a book of Conjurations

   Spells                             Type                      Level
   a - Magic Dart                     Conjuration                  1
   b - Searing Ray                    Conjuration                  2
   c - Dazzling Spray                 Conjuration/Hexes            3
   d - Fulminant Prism                Conjuration/Hexes            4
   e - Iskenderun's Mystic Blast      Conjuration                  4
   f - Iskenderun's Battlesphere      Conjuration/Charms           5
Comestibles
 b - 2 bread rations


   Skills:
 - Level 1.7 Dodging
 - Level 1.7 Stealth
 + Level 2.6 Spellcasting
 * Level 4.6 Conjurations


You had 4 spell levels left.
You knew the following spells:

 Your Spells              Type           Power        Failure   Level  Hunger
a - Magic Dart            Conj           ###.         3%          1    #......
b - Searing Ray           Conj           ###...       6%          2    ##.....


Dungeon Overview and Level Annotations

Branches:
Dungeon (2/15)

Altars:

Annotations:
D:2 Crazy Yiuf


Innate Abilities, Weirdness & Mutations

Your plain brown scales are hard. (AC +5)
Your body does not fit into most forms of armour.
You are cold-blooded and may be slowed by cold attacks.


Message History

You feel sick.
You feel sick.
Casting: Magic Dart
Confirm with . or Enter, or press ? or * to list all spells.
Aiming: Magic Dart
Press: ? - help, Shift-Dir - straight line, f/p - Crazy Yiuf
Aim: Crazy Yiuf, wielding a quarterstaff of chaos and wearing a runed cloak (almost dead)
You miscast Magic Dart.
You are very lightly contaminated with residual magic.
Nothing appears to happen.
Crazy Yiuf misses you.
You closely miss Crazy Yiuf.
Crazy Yiuf is almost dead.
Crazy Yiuf hits you with a quarterstaff of chaos!
* * * LOW HITPOINT WARNING * * *
You feel yourself slow down.
You feel sick.
Crazy Yiuf hits you with a quarterstaff of chaos.
* * * LOW HITPOINT WARNING * * *
Crazy Yiuf freezes you.
You die...

#.# #....# ###..###.>.# #.#
#....###........... .# #.#
#......###..###.... .# #.#
##..##.## #..####.#> ####### #.#
#.#####.# #.....#.#. ......## #.#
#.# #[# ##.##.#.#. ..##...###.#
#.## ##.# #.##....)
.(.........####g###.#####.##.....
..##...###......@.........##.....
.####.## #.######..#########.....
#####.####.######..# #.....
...............##..# #.####
...........##...#..#### #.# #
.####.####....#.......# #.# #
.#.....###.##...#..##.######.####
.......##..###..†...#............
.#.###.##>## #..###.########.####


You could see Crazy Yiuf.

Vanquished Creatures
  2 adders (D:2)
  A dart slug (D:2)
  2 giant geckos (D:1)
  2 bats
  2 giant newts (D:1)
  3 rats
12 creatures vanquished.

Notes
Turn   | Place    | Note
--------------------------------------------------------------
     0 | D:1      | TheGoonsmith the Draconian Conjurer began the quest for the Orb.
     0 | D:1      | Reached XP level 1. HP: 14/14 MP: 3/3
   657 | D:1      | Reached XP level 2. HP: 20/20 MP: 3/5
   869 | D:2      | Learned a level 2 spell: Searing Ray
  1003 | D:2      | Reached XP level 3. HP: 22/26 MP: 0/6
  1071 | D:2      | Noticed Crazy Yiuf
  1095 | D:2      | Slain by Crazy Yiuf

Vault maps used:
D:1:      minmay_arrival_stair_chambers
D:2:      ecumenical_altar_1, uniq_crazy_yiuf_cottage, uniq_iyjb, uniq_natasha

Action                   || total
-------------------------++-------
Melee: Unarmed           ||    11
       Tailslap          ||     1
 Cast: Magic Dart        ||    33
       Searing Ray       ||     1
  Eat: Chunk             ||     1
Armor: Skin              ||     3
Dodge: Dodged            ||    15
